Map: Ice and Chrome LE

Players

Serral - Winner!

  • Race: Zerg Zerg
  • Spawn Location: 1:00

Trap

  • Race: Protoss Protoss
  • Spawn Location: 7:00

Event: DreamHack SC2 Masters 2020 Summer Season Finals

VOD

Have the link to the VOD?

Description

Time

  • Played on: July 19, 2020, 1:05 p.m.
  • Length: 6:19

All games in this series

Show
View Real Time Build Order
Export as new Build Order

Serral Zerg - Winner!

Build Orders: Hatch First 

Get SALT Encoding   

  12  0:00  Drone  
  13  0:12  Overlord  
  13  0:17  Drone  
  14  0:30  Drone x2  
  16  0:47  Hatchery  
  15  0:50  Drone  
  15  0:54  Drone  
  17  0:57  Drone  
  18  1:08  Extractor  
  17  1:12  Spawning Pool  
  17  1:15  Drone  
  17  1:18  Drone  
  18  1:27  Drone  
  19  1:38  Drone  
  20  1:49  Overlord  
  20  1:59  Zergling x2, Queen x2  
  20  2:00  Zergling x2  
  26  2:10  Drone x2  
  26  2:11  Metabolic Boost  
  28  2:20  Drone  
  28  2:21  Drone  
  30  2:38  Hatchery  
  30  2:40  Drone x2  
  31  2:44  Queen  
  31  2:48  Overlord  
  31  2:50  Zergling x2  
  34  2:53  Zergling x2  
  34  2:56  Drone  
  36  3:11  Drone x3  
  36  3:12  Drone  
  39  3:13  Zergling x2  
  40  3:20  Queen  
  40  3:21  Overlord  
  40  3:22  Drone  
  43  3:37  Lair, Overlord  
  43  3:39  Drone  
  43  3:41  Drone x2  
  46  3:43  Roach Warren, Drone  
  46  3:46  Drone  
  46  3:47  Drone  
  46  3:48  Drone  
  51  3:55  Drone  
  51  3:57  Extractor  
  51  4:00  Drone x2  
  53  4:07  Spore Crawler  
  53  4:08  Drone  
  53  4:09  Extractor  
  52  4:10  Drone  
  52  4:13  Spore Crawler  
  50  4:17  Overlord  
  50  4:20  Drone x3  
  50  4:21  Overlord  
  50  4:22  Zergling x4  
  55  4:25  Roach  
  55  4:26  Roach  
  63  4:31  Roach x2  
  63  4:34  Overlord  
  63  4:36  Overlord  
  63  4:39  Roach  
  63  4:42  Roach  
  63  4:44  Roach  
  69  4:49  Overseer  
  69  4:50  Roach  
  69  4:51  Roach  
  73  4:57  Roach x3  
  79  5:04  Overlord  
  79  5:05  Roach  
  81  5:11  Zergling x2  
  81  5:12  Zergling x8  
  86  5:18  Zergling x8  
  90  5:23  Ravager x2  
  90  5:28  Overlord  
  92  5:30  Overlord  
  92  5:32  Ravager  
  92  5:33  Zergling x6  
  96  5:38  Overlord  
  96  5:39  Ravager  
  97  5:48  Overlord  
  97  5:53  Zergling x2  
  97  5:54  Zergling x16  
  100  6:11  Ravager x2  
  100  6:12  Ravager  
Show
View Real Time Build Order
Export as new Build Order

Trap Protoss 

Build Orders: 1 Gate Expand, Zealot Archon, Archon Drop, Dark Templar Rush 

Get SALT Encoding   

  12  0:00  Probe  
  13  0:13  Probe  
  14  0:18  Pylon  
  14  0:25  Probe  
  15  0:33  Probe  
  15  0:41  Probe  
  16  0:45  Gateway  
  17  0:51  Probe  
  17  0:54  Assimilator  
  18  1:03  Probe  
  19  1:15  Probe  
  20  1:24  Nexus  
  20  1:33  Cybernetics Core  
  20  1:35  Probe  
  21  1:42  Assimilator  
  21  1:47  Probe  
  21  1:51  Pylon  
  22  1:59  Probe  
  22  2:00  Adept  
  23  2:10  Warp Gate  
  23  2:11  Probe  
  26  2:18  Pylon  
  26  2:23  Adept  
  26  2:24  Probe  
  26  2:29  Twilight Council  
  27  2:34  Probe  
  29  2:37  Probe  
  29  2:42  Probe  
  31  2:50  Probe  
  33  2:52  Probe  
  34  3:02  Gateway, Probe  
  35  3:09  Dark Shrine, Probe  
  36  3:14  Probe  
  36  3:15  Stalker  
  39  3:21  Probe  
  39  3:26  Probe  
  41  3:29  Pylon  
  41  3:33  Probe  
  42  3:38  Probe  
  43  3:46  Probe  
  44  3:50  Probe  
  44  3:51  Nexus  
  44  3:54  Pylon  
  45  3:59  Adept  
  45  4:01  Probe  
  45  4:02  Probe  
  49  4:03  Adept  
  51  4:11  Robotics Facility  
  51  4:16  Probe  
  51  4:17  Assimilator x2, Probe  
  52  4:21  Shield Battery  
  53  4:25  Dark Templar  
  53  4:30  Dark Templar  
  53  4:31  Probe  
  58  4:32  Probe  
  58  4:36  Pylon  
  59  4:41  Pylon  
  59  4:48  Warp Prism, Probe x2  
  63  5:05  Probe x3  
  66  5:07  Dark Templar, Archon  
  66  5:08  Dark Templar  
  66  5:13  Archon  
  70  5:16  Immortal  
  70  5:18  Gateway  
  70  5:19  Gateway  
  74  5:35  Gateway  
  74  5:37  Gateway  
  74  5:46  Stalker x2  
  78  5:55  Pylon  
  65  6:15  Zealot x2  
Tags
 
Add a new tag
Caveats
  • Supply blocks, unpowered buildings, or Contaminate may cause inaccurate times.
  • Supply counts are checked every 10 seconds.